 Dungeon Crawl Stone Soup version 0.16-a0-4099-g0be755f (webtiles) character file.

88 Minkie the Slasher (level 4, 0/31 HPs)
             Began as a High Elf Fighter on Feb 25, 2015.
             Slain by a goblin
             ... wielding a +0 club
             ... led by Robin
              (1 damage)
             ... on level 3 of the Dungeon.
             The game lasted 00:07:49 (1982 turns).

Minkie the Slasher (High Elf Fighter)               Turns: 1982, Time: 00:07:49

Health: 0/31       AC:  6    Str: 15    XL:     4   Next: 29%
Magic:  7/7        EV:  6    Int: 12    God:
Gold:   82         SH:  9    Dex: 15    Spells: 0 memorised, 3 levels left

rFire  . . .     SeeInvis +     a - +0 long sword
rCold  . . .     Clarity  .     b - +0 scale mail
rNeg   + . .     SustAb   .     c - +0 shield
rPois  .         Gourm    .     (no helmet)
rElec  .         Spirit   .     (no cloak)
rCorr  .         Warding  .     (no gloves)
rMut   .         Stasis   .     (no boots)
MR     .....                    (no amulet)
Stlth  ..........               q - ring of positive energy
                                h - ring of see invisible

@: not resistant to hostile enchantments, extremely unstealthy
A: no striking features
a: no special abilities


You were on level 3 of the Dungeon.
You were not hungry.

You visited 1 branch of the dungeon, and saw 3 of its levels.

You collected 82 gold pieces.

Inventory:

Hand weapons
 a - a +0 long sword (weapon)
Armour
 b - a +0 scale mail (worn)
 c - a +0 shield (worn)
Jewellery
 h - a ring of see invisible (left hand)
 n - an uncursed ring of magical power
 q - a ring of positive energy (right hand)
Scrolls
 f - a scroll of remove curse {unknown}
 j - 2 scrolls of teleportation {unknown}
 m - a scroll of immolation {unknown}
 o - 2 scrolls of identify {unknown}
Potions
 e - a potion of might
 g - a potion of heal wounds {unknown}
 k - a potion of invisibility {unknown}
 p - a potion of haste {unknown}
 s - a potion of curing {unknown}
Comestibles
 d - 4 bread rations
 i - a royal jelly
 l - a meat ration
 r - a chunk of flesh
 t - a fruit


   Skills:
 - Level 3.3 Fighting
 + Level 4.6 Long Blades
 - Level 3.0 Armour
 - Level 3.0 Shields


You had 3 spell levels left.
You didn't know any spells.

Dungeon Overview and Level Annotations

Branches:
Dungeon (3/15)

Altars:
Nemelex Xobeh
Trog


Message History

You closely miss the goblin. The goblin hits you.
* * * LOW HITPOINT WARNING * * *
You hit the goblin but do no damage. You block the goblin's attack.
You closely miss the goblin. The goblin hits you.
* * * LOW HITPOINT WARNING * * *
You block the goblin's attack.
You miss the goblin. The goblin barely misses you.
You slash the goblin!
You kill the goblin!
You hit the goblin.
You kill the goblin!
You slash the goblin!
You kill the goblin!
The goblin hits you with a club.
* * * LOW HITPOINT WARNING * * *
You closely miss the goblin. The goblin hits you but does no damage.
You barely miss the goblin. The goblin hits you with a club.
* * * LOW HITPOINT WARNING * * *
You closely miss the goblin. The goblin hits you with a club.
You die...

.. #.# #... #....
#.#####.##
#....##.........
#....##...###.##
#....##.#.# #.#
#....##.#.# #.#
#....##.#.# #.#
##########.#..##.#.#
#.#
.[.....g@.....<#.#.#
#.#
##########....##.#.#
#.. #..#.##.#.# #
#..#>##.#.#
#..#.##.# #..#.##.#
#..#....# #..######
#..#


You could see a goblin.

Vanquished Creatures
  Robin (D:3)
  An adder (D:2)
  A giant gecko (D:2)
  12 bats
  A giant cockroach (D:2)
  11 goblins
  9 hobgoblins
  7 kobolds
  2 quokkas
  4 ball pythons
  4 giant newts
  6 jackals (D:2)
  8 rats
67 creatures vanquished.

Notes
Turn   | Place    | Note
--------------------------------------------------------------
     0 | D:1      | Minkie, the High Elf Fighter, began the quest for the Orb.
     0 | D:1      | Reached XP level 1. HP: 16/16 MP: 2/2
   126 | D:1      | Reached XP level 2. HP: 17/21 MP: 3/3
   638 | D:2      | Reached XP level 3. HP: 23/26 MP: 5/5
   982 | D:2      | Reached skill level 4 in Long Blades
  1177 | D:2      | Found a bloodstained altar of Trog.
  1716 | D:3      | Found a sparkling altar of Nemelex Xobeh.
  1813 | D:3      | Reached XP level 4. HP: 31/31 MP: 7/7
  1935 | D:3      | Noticed Robin
  1963 | D:3      | Killed Robin
  1981 | D:3      | HP: 1/31 [goblin/club[Robin] (3)]
  1982 | D:3      | Slain by a goblin

Action                   |  1- 3 |  4- 6 || total
-------------------------+-------+-------++-------
Melee: Long sword        |   177 |    53 ||   230
  Eat: Chunk             |     3 |     1 ||     4
